 Dungeon Crawl Stone Soup version 0.31-a0-233-g139696dc86 (webtiles) character file.

Game seed: 358375487433503450

274 qw the Shooter (level 6, 0/37 HPs)
             Began as a Gargoyle Hexslinger on July 7, 2023.
             Slain by a kobold brigand
             ... wielding a +0 club
              (7 damage)
             ... in a sewer.
             The game lasted 00:00:56 (1798 turns).

qw the Shooter (Gargoyle Hexslinger)                Turns: 1798, Time: 00:00:56

Health: 0/37       AC: 13    Str: 11    XL:     6   Next: 24%
Magic:  7/7        EV: 10    Int: 14    God:
Gold:   102        SH:  0    Dex: 14    Spells: 6/7 levels left

rFire   . . .        Y - +2 sling
rCold   + . .        (no shield)
rNeg    + . .        d - +0 ring mail
rPois   inf          (no helmet)
rElec   +            (no cloak)
rCorr   .            (no gloves)
SInv    .            (no boots)
Will    .....        (no amulet)
Stlth   +            g - ring of protection from cold
HPRegen 0.26/turn    b - +4 ring of protection
MPRegen 0.10/turn

%: no passive effects
@: no status effects
A: sickness immunity, AC +4, negative energy resistance 1, electricity
resistance, torment resistance 1, petrification resistance
a: no special abilities


You were in a sewer.
You visited 1 branch of the dungeon, and saw 3 of its levels.
You also visited: Sewer.

You collected 102 gold pieces.


Innate Abilities, Weirdness & Mutations

You are immune to sickness and miasma.
Your stone body is resilient. (AC +4)
You are immune to poison.
You resist negative energy. (rN+)
You are resistant to electric shocks. (rElec)
You are resistant to unholy torment.
You are immune to petrification.


   Skills:
 - Level 3.2 Fighting
 + Level 5.3 Ranged Weapons
 - Level 1.6 Armour
 - Level 1.5 Dodging
 - Level 1.0 Spellcasting
 - Level 2.6 Hexes


You had 6 spell levels left.
You knew the following spells:

 Your Spells              Type           Power      Damage    Failure   Level
a - Slow                  Hex            32%        N/A       21%         1

Your spell library contained the following spells:

 Spells                   Type           Power      Damage    Failure   Level
 Inner Flame              Hex/Fire       4%         N/A       71%         3
 Portal Projectile        Hex/Tloc       8%         N/A       71%         3
 Cause Fear               Hex            4%         N/A       90%         4

Inventory:

Hand Weapons
 Y - a +2 sling (weapon)
Armour
 d - a +0 ring mail (worn)
Jewellery
 b - a +4 ring of protection (right hand)
 g - a ring of protection from cold (left hand)
Scrolls
 a - a scroll of identify
Potions
 c - a potion of brilliance {unknown}
 e - a potion of ambrosia {unknown}
 f - a potion of curing
 i - a potion of enlightenment {unknown}

Dungeon Overview and Level Annotations

Branches:
Dungeon (3/15)              Sewer (1/1)

Altars:
Okawaru
Ru

Annotations:
D:1 1 transporter


Message History

You kill the kobold!
You shoot a sling bullet.
The sling bullet misses the kobold brigand.
The kobold brigand hits you but does no damage.
You shoot a sling bullet.
The sling bullet hits the kobold brigand.
The kobold brigand is moderately wounded.
The kobold brigand hits you with a +0 club.
You shoot a sling bullet.
The sling bullet hits the kobold brigand.
The kobold brigand is moderately wounded.
The kobold brigand hits you but does no damage.
The kobold brigand hits you with a +0 club.
You shoot a sling bullet.
The sling bullet hits the kobold brigand.
The kobold brigand is moderately wounded.
The kobold brigand hits you but does no damage.
You shoot a sling bullet.
The sling bullet hits the kobold brigand but does no damage.
The kobold brigand is moderately wounded.
The kobold brigand hits you but does no damage.
You shoot a sling bullet.
The sling bullet hits the kobold brigand.
The kobold brigand is moderately wounded.
The kobold brigand hits you with a +0 club.
You shoot a sling bullet.
The sling bullet hits the kobold brigand but does no damage.
The kobold brigand is moderately wounded.
The kobold brigand misses you. The kobold brigand barely misses you.
You shoot a sling bullet.
The sling bullet closely misses the kobold brigand.
The kobold brigand hits you but does no damage.
You shoot a sling bullet.
The sling bullet closely misses the kobold brigand.
The kobold brigand hits you with a +0 club.
You shoot a sling bullet.
The sling bullet closely misses the kobold brigand.
The kobold brigand hits you with a +0 club.
The kobold brigand hits you with a +0 club!
You die...

~~~~~#....P.#
~~~~#......#
#~~~#......#
#~~~#~~....#
#~~~#~~...#
#~~~~~~...##
#~~~~~~....#
#~~~#)...###
#~~~#@P..#
#~~~##K'##
#~~~# .!.#
#~~~# ...#
#~~~# \..#
#~~~# ...#
#~~~######
#~~~'...#
#~~~#.\\#


You could see a kobold brigand.

Vanquished Creatures
  2 kobold brigands (Sewer)
  Ijyb (D:3)
  4 adders
  A river rat (D:3)
  2 dart slugs
  10 ball pythons
  6 bats
  6 endoplasms
  2 giant cockroaches
  6 goblins
  6 hobgoblins
  3 jackals (D:2)
  A quokka (D:1)
  6 frilled lizards
  4 kobolds
  7 rats
67 creatures vanquished.

Notes
Turn   | Place    | Note
-------+----------+-------------------------------------------
     0 | D:1      | qw the Gargoyle Hexslinger began the quest for the Orb.
     0 | D:1      | Reached XP level 1. HP: 12/12 MP: 2/2
     0 | D:1      | 0 ||| qw: Version: 0.3-a-46-gb1f654a
     0 | D:1      | 0 ||| qw: Game counter: 3340
     0 | D:1      | 0 ||| qw: Melee chars always use a shield: true
     0 | D:1      | 0 ||| qw: God list: Okawaru
     0 | D:1      | 0 ||| qw: Allow faded altars: false
     0 | D:1      | 0 ||| qw: Do Orc after clearing Dungeon:15 true
     0 | D:1      | 0 ||| qw: Do second Lair branch before Depths: true
     0 | D:1      | 0 ||| qw: Lair rune preference: random
     0 | D:1      | 0 ||| qw: Goals: Normal
     0 | D:1      | 0 ||| PLANNING D:1-11
    84 | D:1      | Reached XP level 2. HP: 12/16 MP: 3/3
   123 | D:1      | Reached skill level 3 in Ranged Weapons
   230 | D:1      | Reached XP level 3. HP: 21/21 MP: 4/4
   409 | D:1      | 409 ||| UPGRADING to +0 ring mail.
   419 | D:1      | 419 ||| DROPPING +0 robe.
   420 | D:1      | 420 ||| UPGRADING to ring of protection from cold.
   421 | D:1      | 421 ||| READING scroll labelled TUALADENEM.
   422 | D:1      | 422 ||| DROPPING scroll of poison.
   787 | D:2      | Reached XP level 4. HP: 26/26 MP: 5/5
   982 | D:2      | 982 ||| UPGRADING to +4 ring of protection.
   983 | D:2      | 983 ||| READING scroll labelled ANIOMU TIELEU.
  1034 | D:3      | 1034 ||| PLANNING SEWER
  1041 | D:3      | Reached skill level 4 in Ranged Weapons
  1064 | D:3      | Noticed Ijyb
  1090 | D:3      | Killed Ijyb
  1091 | D:3      | Reached skill level 1 in Armour
  1472 | D:3      | Found an iron altar of Okawaru.
  1511 | D:3      | Reached XP level 5. HP: 30/30 MP: 6/6
  1512 | D:3      | Found a sacrificial altar of Ru.
  1701 | D:3      | Found a glowing drain.
  1702 | D:3      | 1702 ||| READING 2 scrolls labelled LID LUROQUITALL.
  1703 | D:3      | 1703 ||| READING scroll labelled XOM FYRINILOI.
  1707 | D:3      | 1707 ||| READING scroll labelled JEUSSE OXKO.
  1708 | D:3      | 1708 ||| DRINKING 2 lumpy silvery potions.
  1723 | Sewer    | Entered a sewer
  1753 | Sewer    | Noticed a kobold brigand
  1753 | Sewer    | Noticed a kobold brigand
  1753 | Sewer    | Noticed a kobold brigand
  1762 | Sewer    | HP: 6/30 [kobold brigand/+0 whip (4)]
  1764 | Sewer    | Killed a kobold brigand
  1765 | Sewer    | Reached skill level 5 in Ranged Weapons
  1778 | Sewer    | Killed a kobold brigand
  1779 | Sewer    | Reached skill level 3 in Fighting
  1779 | Sewer    | Reached XP level 6. HP: 14/37 MP: 7/7
  1798 | Sewer    | HP: 7/37 [kobold brigand/+0 club (3)]
  1798 | Sewer    | Slain by a kobold brigand

Levels and vault maps discovered:
D:1:      spicycebolla_arrival_risky_transporter, layout_rooms
D:2:      layout_basic
D:3:      layout_basic, nicolae_ru_sacrificial_ziggurat,
          mainiacjoe_overflow_small_starburst, portal_sewer_entry_b,
          shapermc_ecumenical_altar_ellora, uniq_crazy_yiuf_cottage, uniq_ijyb
Sewer:    kennysheep_pipe_town

Skill      XL: |  1  2  3  4  5 |
---------------+----------------+-----
Ranged Weapons | 3 4 5 |  5.3
Fighting       | 2 3 |  3.2
Armour         | 1 |  1.6
Dodging        | |  1.5
Spellcasting   | |  1.0
Hexes          | |  2.6

Action                     |  1- 3 |  4- 6 || total
---------------------------+-------+-------++-------
   Fire: Sling             |   135 |   120 ||   255
    Use: Scroll            |     1 |     4 ||     5
         Potion            |       |     1 ||     1
 Armour: Robe              |    11 |       ||    11
         Ring mail         |    22 |    62 ||    84
  Dodge: Dodged            |    42 |    43 ||    85

Table legend:
 A = Non-vault XP
 B = Vault XP
 C = Vault XP percentage of total XP
 D = Non-vault monster count
 E = Vault monster count
 F = Vault count percentage of total count
                 A         B        C        D         E       F
            +---------+---------+-------+---------+---------+-------
      Total |     127 |     265 |  67.6 |      54 |      13 |  19.4
            +---------+---------+-------+---------+---------+-------
        D:1 |      44 |       0 |   0.0 |      26 |       0 |   0.0
        D:2 |      49 |       0 |   0.0 |      21 |       0 |   0.0
        D:3 |      34 |      72 |  67.9 |       7 |       8 |  53.3
      Sewer |       0 |     193 | 100.0 |       0 |       5 | 100.0
            +---------+---------+-------+---------+---------+-------
